[Event "Live Chess"]
[Site "Chess.com"]
[Date "2024.06.01"]
[Round "-"]
[White "Brooms1989"]
[Black "Mangoalo"]
[Result "1-0"]
[WhiteElo "1018"]
[BlackElo "996"]
[TimeControl "300"]
[EndTime "9:13:37 PDT"]
[Termination "Brooms1989 won by resignation"]

1. e4 c6 2. Nf3 d5 3. exd5 Bg4 4. dxc6 Nxc6 5. Be2 Nf6 6. h3 Bxf3 7. Bxf3 e6 8. O-O Bc5 9. Nc3 a6 10. d3 O-O 11.
Bg5 h6 12. Bh4 Be7 13. Bxc6 bxc6 14. Re1 Nd5 15. Bxe7 Qxe7 16. Rb1 Nxc3 17. bxc3 Rab8 18. Qf3 Rxb1 19. Rxb1 c5 20. Qc6 Rd8 21. Qxa6 Rd6 22. Rb8+ Kh7 23. Qa4 Rc6 24. Qe4+ f5 25. Qxc6 Qg5 1-0

[Event "Live Chess"]
[Site "Chess.com"]
[Date "2024.06.01"]
[Round "-"]
[White "Tatarinov_Maxim"]
[Black "f4nomore"]
[Result "1-0"]
[WhiteElo "2281"]
[BlackElo "1197"]
[TimeControl "300"]
[EndTime "9:13:40 PDT"]
[Termination "Tatarinov_Maxim won by resignation"]

1. Nf3 g6 2. g3 Bg7 3. Bg2 d6 4. O-O c5 5. c4 Nc6 6. Nc3 Nf6 7.
d4 cxd4 8. Nxd4 O-O 9. Nxc6 bxc6 10. Bxc6 Rb8 11. Bg2 Bb7 12. Bxb7 Rxb7 13. Qc2 e6 14.
b3 Nd7 15. Bb2 Nc5 16. Rad1 Rd7 17. Ba3 Qf6 18. Bxc5 Qxc3 19. Qxc3 Bxc3 20. Rxd6 Rb7 21. Rfd1 Bf6 22. Ra6 Ra8 23. Be3 Kg7 24. Kg2 Bd8 25. Rxa7 Raxa7 26. Bxa7 Rxa7 27. Rxd8 Rxa2 28. Kf3 Rb2 29.
Rb8 Kf6 30. c5 Ke7 31. b4 Kd7 32. b5 Kc7 33. Rb6 h5 34. h4 Rc2 35. Rc6+ Kb7 36.
e3 Rb2 37. Rb6+ Kc7 38. Rc6+ Kb7 39. Rd6 Rxb5 40. Rd7+ Kc6 41. Rxf7 Rxc5 42. Rf6 Rf5+ 43. Rxf5 exf5 44. Kf4 Kd6 45. Kg5 Ke6 46. Kxg6 1-0

[Event "Live Chess"]
[Site "Chess.com"]
[Date "2024.06.01"]
[Round "-"]
[White "wadsy27"]
[Black "Duke_of_Bebington"]
[Result "1-0"]
[WhiteElo "2599"]
[BlackElo "1622"]
[TimeControl "300"]
[EndTime "9:13:43 PDT"]
[Termination "wadsy27 won by resignation"]

1. Nf3 d5 2. g3 Nf6 3. Bg2 c6 4.
O-O Bf5 5. c4 e6 6. Qb3 Qb6 7.
d3 Nbd7 8. Be3 Qxb3 9. axb3 a6 10. Bd4 Be7 11. Bc3 O-O 12. Nbd2 Rfe8 13. b4 c5 14. bxc5 Nxc5 15. Nd4 Bg6 16. cxd5 Nxd5 17. Bxd5 exd5 18. N2f3 Bf6 19. Rfc1 Bxd4 20. Bxd4 Nb3 21. Kf1 Nxa1 22. Rxa1 Rac8 23. Bc3 h6 24. Nd4 Bh5 25.
f3 g5 26. Ra5 Red8 27. Nf5 Kh7 28. Ne7 Rc7 29. Nxd5 Rc6 30. Nf6+ Kg6 31. g4 Rxf6 32. gxh5+ Kg7 33. Rf5 Rd6 34. Rxf6 Rxf6 35. b4 1-0

[Event "Live Chess"]
[Site "Chess.com"]
[Date "2024.06.01"]
[Round "-"]
[White "Dhaydon19"]
[Black "hapehansen"]
[Result "1-0"]
[WhiteElo "2709"]
[BlackElo "2260"]
[TimeControl "300"]
[EndTime "9:13:45 PDT"]
[Termination "Dhaydon19 won by resignation"]

1. e4 c6 2. Nc3 d5 3. d3 dxe4 4.
Nxe4 Nf6 5. Nxf6+ exf6 6. Nf3 Bd6 7. Be2 O-O 8. O-O Re8 9. c3 Nd7 10. d4 Nf8 11. Be3 Be6 12. Re1 Ng6 13. g3 Qc7 14. Qc2 Rad8 15. Rad1 Ne7 16. c4 Bf5 17. Bd3 Qd7 18. a3 g6 19. Nh4 Bxd3 20. Qxd3 Qg4 21.
Kg2 h5 22. h3 Qd7 23. Bh6 f5 24. Bg5 Rc8 25. Qd2 Kh7 26. Nf3 Ng8 27. Bf4 Nf6 28. Bxd6 Qxd6 29. Ng5+ Kg7 30. h4 Rxe1 31. Rxe1 Rd8 32. Rd1 Re8 33. Qc3 Kg8 34. Nf3 f4 35.
Qd3 fxg3 36. fxg3 Ne4 37. Ne5 Nf6 38. Qf3 Re7 39. c5 Qd5 40. Qxd5 Nxd5 41. Rd3 Nc7 42.
Kf3 Ne6 43. Nc4 Rd7 44. Nd6 b6 45. b4 a5 46. Ke3 axb4 47. axb4 bxc5 48. dxc5 Nc7 49.
Ne4 Nd5+ 50. Rxd5 1-0

[Event "Live Chess"]
[Site "Chess.com"]
[Date "2024.06.01"]
[Round "-"]
[White "KeithArkell"]
[Black "WildMantra69"]
[Result "1-0"]
[WhiteElo "2514"]
[BlackElo "2012"]
[TimeControl "300"]
[EndTime "9:14:06 PDT"]
[Termination "KeithArkell won by checkmate"]

1. d4 Nf6 2. Nf3 e6 3. c4 d5 4.
cxd5 exd5 5. Nc3 Nc6 6. Bg5 Be6 7. e3 a6 8. Bd3 h6 9. Bh4 g5 10. Bg3 Bd6 11. Bxd6 Qxd6 12. h3 O-O-O 13. Qa4 Nb4 14. Bb1 g4 15. hxg4 Nxg4 16. a3 Nc6 17. Bd3 Nb8 18.
Rc1 c6 19. Qb4 Qxb4 20. axb4 Nd7 21. Na4 Kc7 22. Nc5 Nb6 23. b3 h5 24. Ke2 Nd7 25. Rh4 Nxc5 26. bxc5 f6 27. Rch1 Bf7 28. Bf5 Rhg8 29.
Ne1 Nh6 30. Bc2 Rg5 31. g3 Re8 32. Nf3 Rgg8 33. Rf4 f5 34. Ne5 Rxe5 35. dxe5 Bg6 36. Rfh4 Ng4 37. f4 Nh6 38. Kf3 Nf7 39. Rxh5 Bxh5+ 40. Rxh5 Nd8 41. Bxf5 b6 42. Rh7+ Kb8 43. cxb6 Nb7 44. b4 a5 45. bxa5 Nxa5 46. e6 Nc4 47. e7 Nd6 48. Bd7 c5 49. Rh6 Ne4 50. e8=Q+ Rxe8 51. Bxe8 Nd2+ 52. Ke2 Nc4 53. Bc6 d4 54. Rh8# 1-0

[Event "Live Chess"]
[Site "Chess.com"]
[Date "2024.06.01"]
[Round "-"]
[White "ggosyaa"]
[Black "DoctorMantisTobogganMD"]
[Result "0-1"]
[WhiteElo "580"]
[BlackElo "2204"]
[TimeControl "300"]
[EndTime "9:14:19 PDT"]
[Termination "DoctorMantisTobogganMD won by checkmate"]

1. d4 Nf6 2. Nf3 d5 3. Bf4 c6 4. e3 Bg4 5. Nc3 Nbd7 6. Be2 e6 7. Ne5 Bxe2 8. Qxe2 Nxe5 9. Bxe5 Bd6 10. O-O Bxe5 11. dxe5 Nd7 12. f4 g6 13. Rad1 Qb6 14. Na4 Qb4 15. Nc3 h5 16. e4 Qxb2 17. Qd3 Qb6+ 18. Kh1 O-O 19. f5 Nxe5 20. Qg3 exf5 21. exf5 Qc7 22.
fxg6 fxg6 23. Rxf8+ Rxf8 24. h3 Qg7 25. Kh2 Nc4 26. Ne2 Qe5 27. Qxe5 Nxe5 28. Nf4 Rxf4 29.
Re1 Re4 30. Rb1 b5 31. h4 Rxh4+ 32. Kg3 Rg4+ 33. Kf2 a5 34. c3 Rf4+ 35. Ke3 Re4+ 36. Kd2 Nc4+ 37. Kd3 Re3+ 38. Kc2 Na3+ 39. Kb2 Nxb1 40.
Kxb1 Re2 41. Kc1 Rxa2 42. g3 b4 43. Kb1 Rg2 44. g4 h4 45. Kc1 h3 46. Kd1 h2 47.
Ke1 h1=Q# 0-1

[Event "Live Chess"]
[Site "Chess.com"]
[Date "2024.06.01"]
[Round "-"]
[White "KGreenGator"]
[Black "gunslinger222"]
[Result "0-1"]
[WhiteElo "1767"]
[BlackElo "2270"]
[TimeControl "300"]
[EndTime "9:14:23 PDT"]
[Termination "gunslinger222 won by resignation"]

1. c4 e6 2. d4 d5 3. e3 Nf6 4.
Nf3 Be7 5. Nc3 O-O 6. Bd2 b6 7.
a3 Bb7 8. h3 c5 9. cxd5 exd5 10.
Be2 Re8 11. O-O Nc6 12. Bb5 a6 13. Bxc6 Bxc6 14. Ne5 Bb7 15. Re1 Bd6 16. Nf3 Ne4 17.
dxc5 bxc5 18. Qb3 Rb8 19. Qc2 Nxd2 20. Nxd2 Qf6 21. Qd3 Red8 22. Nf3 g6 23. Kh1 Bf8 24. Rad1 d4 25. exd4 cxd4 26. Nxd4 Qxf2 27. Re2 Bxg2+ 28. Kh2 Bd6+ 0-1

[Event "Live Chess"]
[Site "Chess.com"]
[Date "2024.06.01"]
[Round "-"]
[White "DoggyDalmatian"]
[Black "Outspanner"]
[Result "0-1"]
[WhiteElo "1505"]
[BlackElo "1537"]
[TimeControl "300"]
[EndTime "9:14:29 PDT"]
[Termination "Outspanner won by checkmate"]

1. e4 c5 2. Nf3 e6 3. d4 cxd4 4. Nxd4 a6 5. Nc3 Qc7 6. Be3 Bb4 7. Bd2 Nf6 8. Bd3 Nc6 9. Nb3 Bd6 10. Qe2 Ne5 11. h3 b5 12. O-O Bb7 13. f4 Ng6 14. e5 Bc5+ 15. Be3 Bxe3+ 16. Qxe3 Nd5 17. Nxd5 Bxd5 18.
Rac1 Rc8 19. f5 Nxe5 20. fxe6 dxe6 21. Be2 O-O 22. c3 Qc6 23. Nd4 Qc5 24. Qxe5 f6 25. Qg3 e5 26. Qe3 exd4 27. cxd4 Qd6 28. a3 Rce8 29. Qf2 Re7 30. Rc2 Rfe8 31. Rfc1 Be4 32. Rc3 Bd5 33. Rd1 Rxe2 34. Qg3 Rxg2+ 35. Qxg2 Bxg2 36.
Kxg2 Re2+ 37. Kf3 Rxb2 38. Re3 Qd5+ 39. Kg3 Rg2+ 40. Kf4 g5# 0-1

[Event "Live Chess"]
[Site "Chess.com"]
[Date "2024.06.01"]
[Round "-"]
[White "ihtiandr82"]
[Black "nitrofish07"]
[Result "0-1"]
[WhiteElo "1517"]
[BlackElo "2123"]
[TimeControl "300"]
[EndTime "9:14:30 PDT"]
[Termination "nitrofish07 won by resignation"]

1. e4 c5 2. Nf3 d6 3. d4 cxd4 4.
Nxd4 Nf6 5. Nc3 a6 6. Bg5 e6 7.
Be2 Be7 8. O-O Nbd7 9. Re1 h6 10. Be3 b5 11. a3 Bb7 12. Bf3 O-O 13. Qd2 Rc8 14. Rac1 Re8 15. h3 Ne5 16. Bf4 Nc4 17. Qe2 e5 18. b3 Nxa3 0-1

[Event "Live Chess"]
[Site "Chess.com"]
[Date "2024.06.01"]
[Round "-"]
[White "TheRedDrag"]
[Black "StoreySniper"]
[Result "0-1"]
[WhiteElo "2184"]
[BlackElo "2525"]
[TimeControl "300"]
[EndTime "9:14:37 PDT"]
[Termination "StoreySniper won by resignation"]

1. e4 g6 2. d4 Bg7 3. Nf3 c5 4. c3 cxd4 5. cxd4 d5 6. e5 Nc6 7. Nc3 Bg4 8. Be2 e6 9. h3 Bxf3 10. Bxf3 Nge7 11. O-O Nf5 12. Be3 O-O 13. Ne2 Qb6 14.
Qd2 Nh4 15. Rac1 Nxf3+ 16. gxf3 f6 17. f4 fxe5 18. fxe5 Ne7 19. Ng3 Nf5 20. Nxf5 Rxf5 21. b3 Raf8 22. Rc5 Qd8 23. Kh2 Qh4 24. Rc2 Rf3 0-1

[Event "Live Chess"]
[Site "Chess.com"]
[Date "2024.06.01"]
[Round "-"]
[White "Tatarinov_Maxim"]
[Black "Mangoalo"]
[Result "1-0"]
[WhiteElo "2281"]
[BlackElo "996"]
[TimeControl "300"]
[EndTime "9:14:40 PDT"]
[Termination "Tatarinov_Maxim won by resignation"]

1. Nf3 e6 2. g3 d5 3. Bg2 Nc6 4. O-O Bc5 5. b3 Bd7 6. Bb2 a6 7. Bxg7 e5 8. Bxh8 f6 9. c4 e4 10. Nh4 d4 11. Bxe4 f5 12. Bxf5 Bxf5 13. Nxf5 1-0

[Event "Live Chess"]
[Site "Chess.com"]
[Date "2024.06.01"]
[Round "-"]
[White "booktrunk"]
[Black "KwikPhoenix"]
[Result "0-1"]
[WhiteElo "1376"]
[BlackElo "2464"]
[TimeControl "300"]
[EndTime "9:14:48 PDT"]
[Termination "KwikPhoenix won by resignation"]

1. d4 f5 2. Nc3 e6 3. Bf4 Nf6 4. Nb5 d6 5. e3 a6 6. Nc3 Be7 7. Bd3 O-O 8. Nge2 Nc6 9. O-O e5 10. dxe5 dxe5 11. Bc4+ Kh8 12. Qxd8 Rxd8 13. Bg3 b5 14.
Bb3 Bb7 15. a3 g6 16. Rfd1 Bd6 17. Nd5 Nxd5 18. Bxd5 Na5 19. Bxb7 Nxb7 20. Nc3 Kg7 21. f4 e4 22. Nd5 Rab8 23. h3 c6 24. Nc3 Bc5 25.
Bf2 Nd6 26. b4 Bb6 27. Kf1 Nc4 28. Ke2 Kf7 29. Rxd8 Rxd8 30. Rd1 Rxd1 31. Nxd1 Nxa3 32. Kd2 Nc4+ 33. Kc3 a5 34. Bg1 Ke6 35. bxa5 Bxa5+ 36. Kb3 h6 37. c3 Bb6 38. Kb4 g5 39. fxg5 hxg5 40.
Bf2 f4 41. exf4 e3 42. Nxe3 Nxe3 43. fxg5 Nd5+ 0-1

[Event "Live Chess"]
[Site "Chess.com"]
[Date "2024.06.01"]
[Round "-"]
[White "Enhard"]
[Black "Grace6363"]
[Result "0-1"]
[WhiteElo "1426"]
[BlackElo "1124"]
[TimeControl "300"]
[EndTime "9:14:52 PDT"]
[Termination "Grace6363 won by resignation"]

1. d4 Nf6 2. Bg5 e6 3. e4 d6 4. e5 dxe5 5. dxe5 Qxd1+ 6. Kxd1 Ne4 7. Bf4 Nxf2+ 8. Ke2 Nxh1 9. Nf3 Bd7 10. Nc3 c6 11. g3 Bb4 12. Ne4 Be7 13. Bg2 Nxg3+ 14. Bxg3 Na6 15.
a3 c5 16. c4 b5 17. b3 bxc4 18. bxc4 Rb8 19. Nfd2 Ba4 20. Nc3 Bd7 21. Rf1 f6 22. exf6 Bxf6 23. Nce4 Be7 24. Bf3 Rf8 25. Bh5+ g6 26. Rxf8+ Kxf8 27. Bf3 Rb2 28. Be5 Ra2 29. Bf6 Rxa3 30. Bg4 Nc7 31. Bb2 Ra2 32. Be5 Na6 33. Nc3 Rc2 34. Ne4 Nb4 35. Nc3 Bg5 36. Ne4 Bxd2 37. Nxd2 h5 38. Bd6+ Kf7 39. Bf3 Nc6 40. Bxc5 Ne5 41. Be4 Nxc4 42. Bxc2 Nxd2 43. Kxd2 a5 44. Ba7 a4 45. Bc5 Bb5 46. Ba3 Kf6 47.
Bb2+ e5 48. Be4 Kg5 49. Ke1 Kf4 50. Kf2 Kxe4 0-1

[Event "Live Chess"]
[Site "Chess.com"]
[Date "2024.06.01"]
[Round "-"]
[White "Richardallis"]
[Black "DJ_Lambton"]
[Result "1-0"]
[WhiteElo "1906"]
[BlackElo "1739"]
[TimeControl "300"]
[EndTime "9:15:03 PDT"]
[Termination "Richardallis won by resignation"]

1. d4 d5 2. Nf3 Nf6 3. Bg5 Bf5 4. Nbd2 Nbd7 5. e3 e6 6. Bd3 Bg6 7. e4 dxe4 8. Nxe4 Be7 9. Bxf6 Nxf6 10. Nxf6+ Bxf6 11.
c3 Bxd3 12. Qxd3 O-O 13. O-O Rc8 14. Rad1 c5 15. dxc5 Rxc5 16. Qxd8 Rxd8 17. Rxd8+ Bxd8 18. Rd1 Rc8 19. Rd7 Bb6 20. Ne5 Rd8 21. Kf1 Rxd7 22.
Nxd7 Bc7 23. Nc5 b6 24. Nd3 f6 25. Nb4 Kf7 26. Nc6 a5 27. g3 e5 28. a4 Ke6 29.
Na7 Bd6 30. Ke2 Bc5 31. f3 f5 32. h3 g6 33. g4 e4 34. fxe4 fxe4 35. Nb5 Ke5 36. Nc7 Kf4 37. Ne6+ Kg3 38. Nxc5 bxc5 39. Ke3 Kxh3 40. Kxe4 Kxg4 41. b4 cxb4 42. cxb4 axb4 43. a5 b3 44. Kd3 h5 45. a6 h4 46. a7 b2 47. Kc2 b1=Q+ 48. Kxb1 h3 49. a8=Q Kg3 50.
Qh1 g5 51. Kc2 g4 52. Kd2 Kh4 53. Ke2 g3 54. Kf3 g2 55. Qh2 Kg5 56. Kf2 Kh4 57. Qg3+ Kh5 58. Qxh3+ 1-0

[Event "Live Chess"]
[Site "Chess.com"]
[Date "2024.06.01"]
[Round "-"]
[White "defenderalist"]
[Black "Crowded_House"]
[Result "1-0"]
[WhiteElo "1482"]
[BlackElo "1745"]
[TimeControl "300"]
[EndTime "9:15:04 PDT"]
[Termination "defenderalist won by resignation"]

1. e4 e6 2. d4 d5 3. Nc3 dxe4 4. Nxe4 Bd7 5. Nf3 Bc6 6. Bd3 Nd7 7. O-O Ngf6 8. Bg5 Be7 9. Nxf6+ Nxf6 10. c3 O-O 11. Ne5 Be8 12. f4 Nd7 13. Bxe7 Qxe7 14. f5 exf5 15. Nxd7 Bxd7 16. Bxf5 Bxf5 17. Rxf5 Qe3+ 18.
Kh1 Rfe8 19. Qb3 Qe1+ 20. Rf1 Qe4 21. Rxf7 Kh8 22. Raf1 h6 23. h3 Re7 24. Rxe7 Qxe7 25. Qxb7 Qd8 26. Rf7 Rb8 27. Qxc7 Qxc7 28. Rxc7 Rxb2 29.
Rxa7 Rc2 30. Rc7 Rxa2 31. d5 Rd2 32. c4 Rd4 33. Rc6 Kg8 34. d6 Kf7 35. Rc7+ Ke6 36.
c5 Rc4 37. Re7+ Kf6 38. Rc7 Ke6 39. d7 Ke7 40. c6 Kd8 41. Rc8+ Ke7 42. d8=Q+ Kf7 1-0

[Event "Live Chess"]
[Site "Chess.com"]
[Date "2024.06.01"]
[Round "-"]
[White "LaupMiths"]
[Black "SvitlanaJ"]
[Result "1-0"]
[WhiteElo "1910"]
[BlackElo "393"]
[TimeControl "300"]
[EndTime "9:15:04 PDT"]
[Termination "LaupMiths won by checkmate"]

1. d4 d5 2. c4 c6 3. Nf3 Nf6 4.
Nc3 dxc4 5. a4 a5 6. Ne5 e6 7. Nxc4 Bb4 8. e3 Ne4 9. Bd2 O-O 10. f3 Nxc3 11. bxc3 Bxc3 12. Bxc3 Na6 13. Bd3 c5 14. O-O cxd4 15. Bxd4 Nb4 16. Bb1 Qe8 17. Qe1 Qd8 18. Qg3 Bd7 19. Qxg7# 1-0

[Event "Live Chess"]
[Site "Chess.com"]
[Date "2024.06.01"]
[Round "-"]
[White "DoctorMantisTobogganMD"]
[Black "WildMantra69"]
[Result "1-0"]
[WhiteElo "2208"]
[BlackElo "2008"]
[TimeControl "300"]
[EndTime "9:15:08 PDT"]
[Termination "DoctorMantisTobogganMD won by resignation"]

1. e4 e5 2. Nc3 Nc6 3. Bc4 Nf6 4. d3 Bc5 5. f4 d6 6. Nf3 Ng4 7. Ng5 O-O 8. f5 h6 9. Qxg4 hxg5 10. Bxg5 Qe8 11. Bh6 1-0

[Event "Live Chess"]
[Site "Chess.com"]
[Date "2024.06.01"]
[Round "-"]
[White "will-balkwill"]
[Black "degringolade64"]
[Result "0-1"]
[WhiteElo "1077"]
[BlackElo "2040"]
[TimeControl "300"]
[EndTime "9:15:26 PDT"]
[Termination "degringolade64 won by resignation"]

1. e4 e5 2. Nf3 Nc6 3. c3 d5 4. Qa4 Bd7 5. exd5 Nd4 6. Qd1 Nxf3+ 7. Qxf3 Nf6 8. d4 exd4 9. cxd4 Bb4+ 10. Nc3 Qe7+ 11.
Be2 Bg4 12. Qe3 Bxe2 13. Qxe7+ Kxe7 14. Kxe2 Bxc3 15. bxc3 Nxd5 16. Kd3 Kd7 17. Be3 b5 18.
Rab1 a6 19. c4 bxc4+ 20. Kxc4 Nb6+ 21. Kd3 Rhe8 22. Rhc1 f6 23. Bf4 Nd5 24. Bg3 Rab8 25. Rxb8 Rxb8 26. Ke4 Rb5 27. h3 c6 28. Kd3 Nb4+ 29.
Ke4 Nxa2 30. Ra1 Ra5 31. Ke3 Ra4 32. f3 Nc3 33. Rxa4 Nxa4 34. Kd3 Nb6 35. Be1 Nd5 36.
Ke4 Kd6 37. Bd2 g6 38. Kd3 c5 39. Kc4 cxd4 40. Kxd4 Kc6 41. Kc4 Ne7 42. Kb3 Kb5 43. Ka3 Nd5 44. Kb3 a5 45. Ka3 a4 46. Ka2 Kc4 47. Ka3 Kd3 48. Bb4 Nxb4 49. Kxb4 Ke2 50. Kxa4 Kf2 0-1

[Event "Live Chess"]
[Site "Chess.com"]
[Date "2024.06.01"]
[Round "-"]
[White "Leovip"]
[Black "grillage"]
[Result "0-1"]
[WhiteElo "1724"]
[BlackElo "1945"]
[TimeControl "300"]
[EndTime "9:15:32 PDT"]
[Termination "grillage won by resignation"]

1. e4 d5 2. exd5 Qxd5 3. Nc3 Qd8 4. d4 Nf6 5. Be3 c6 6. f3 Bf5 7. Bc4 e6 8. Nge2 Bd6 9. O-O O-O 10. Bf2 Nbd7 11. Ng3 Bg6 12. Bd3 Bxd3 13. Qxd3 Qc7 14.
Nce4 Nxe4 15. fxe4 Rfd8 16. Qe2 Bf8 17. c3 c5 18. Rad1 cxd4 19. Rxd4 Bc5 20. Rd3 Bxf2+ 21. Qxf2 Ne5 22. Rxd8+ Rxd8 23. Ne2 Rd2 24. Qe3 Rxb2 25. Nd4 Rxa2 26. Qf4 Ra5 27. Kh1 Rc5 28. Nf3 Nxf3 29.
Qxc7 Rxc7 30. Rxf3 a5 31. h3 e5 32. Rd3 f6 33.
Rd5 b6 34. Rd8+ Kf7 35. Rb8 Rc6 36. c4 a4 37. Ra8 Rxc4 38. Ra6 b5 39. Rb6 Rb4 40. g4 a3 41. Kg2 a2 42. Ra6 Ra4 0-1

[Event "Live Chess"]
[Site "Chess.com"]
[Date "2024.06.01"]
[Round "-"]
[White "FlyingChessKestrel13"]
[Black "nigelst"]
[Result "1-0"]
[WhiteElo "2121"]
[BlackElo "1764"]
[TimeControl "300"]
[EndTime "9:15:36 PDT"]
[Termination "FlyingChessKestrel13 won by resignation"]

1. e4 c6 2. d4 d5 3. exd5 cxd5 4. c4 Nf6 5. Nc3 Nc6 6. Nf3 Bg4 7. c5 e6 8. Bb5 Be7 9. O-O O-O 10. Bxc6 bxc6 11. Qd3 Bxf3 12. Qxf3 Re8 13. Bf4 Nd7 14. Rfe1 Bg5 15.
Bg3 Bd2 16. Red1 Bxc3 17. Qxc3 Nf6 18. f3 Nh5 19. Bd6 f6 20. b4 g5 21. a4 Nf4 22.
Bxf4 gxf4 23. b5 Qc7 24. Rdb1 Rab8 25. Rb2 e5 26. Rab1 exd4 27. Qxd4 Qe5 28. Qxe5 fxe5 29. b6 axb6 30. cxb6 e4 31. a5 e3 32. Kf1 d4 33.
Ke2 c5 34. a6 c4 35. b7 d3+ 36.
Kf1 c3 37. a7 cxb2 38. axb8=Q Rxb8 39. Rxb2 Kf7 40. Rb3 d2 41. Ke2 Ke7 42. g3 fxg3 43. hxg3 Kd7 44. Rxe3 Kc7 45. Kxd2 Rd8+ 46. Ke2 Kxb7 47.
Re7+ Kc6 48. Rxh7 Kd6 49. Rh5 Ke6 50. g4 Kf6 51. Kf2 Kg6 52. Kg3 Rd1 53. Ra5 Rg1+ 54. Kf4 Rf1 55. Ra6+ Kf7 56. g5 Kg7 57. Kg4 Rg1+ 58.
Kf5 Rf1 59. f4 Kf7 60. Ra7+ Kg8 61. g6 Rg1 62. Kf6 Rxg6+ 63. Kxg6 1-0

[Event "Live Chess"]
[Site "Chess.com"]
[Date "2024.06.01"]
[Round "-"]
[White "Bazzza132"]
[Black "NAZRIZ1977"]
[Result "0-1"]
[WhiteElo "1711"]
[BlackElo "2138"]
[TimeControl "300"]
[EndTime "9:15:38 PDT"]
[Termination "NAZRIZ1977 won by resignation"]

1. d4 Nf6 2. c4 c5 3. d5 b5 4.
cxb5 a6 5. e3 g6 6. Nf3 Bg7 7. Nc3 O-O 8. Bd3 d6 9. h4 h5 10. Ng5 axb5 11. Bxb5 Ba6 12. Bxa6 Nxa6 13. a3 Qb6 14. Qc2 Rfb8 15. Rb1 Qb3 16. Qxb3 Rxb3 17. O-O Rab8 18. Nge4 Nxe4 19. Nxe4 Rxa3 20. bxa3 Rxb1 21.
Bd2 Rb3 22. Ra1 Bxa1 0-1

[Event "Live Chess"]
[Site "Chess.com"]
[Date "2024.06.01"]
[Round "-"]
[White "Countrylife123"]
[Black "CheckThis4"]
[Result "0-1"]
[WhiteElo "1743"]
[BlackElo "2692"]
[TimeControl "300"]
[EndTime "9:15:39 PDT"]
[Termination "CheckThis4 won by checkmate"]

1. d4 Nf6 2. c4 g6 3. Nc3 d5 4. e3 Bg7 5. h3 O-O 6. cxd5 Nxd5 7. e4 Nxc3 8. bxc3 c5 9. Nf3 Nc6 10. Be3 Qa5 11. Qd2 cxd4 12. Nxd4 Rd8 13. Be2 Nxd4 14.
Bxd4 e5 15. O-O-O exd4 16. cxd4 Qa3+ 17. Qb2 Qxb2+ 18. Kxb2 Rxd4 19. Rxd4 Bxd4+ 20. Kc1 Bxf2 21. Rf1 Be3+ 22. Kd1 Be6 23. a3 Rc8 24. Rf3 Rc1# 0-1

[Event "Live Chess"]
[Site "Chess.com"]
[Date "2024.06.01"]
[Round "-"]
[White "Eva3337"]
[Black "Frankie_Badacsonyi"]
[Result "0-1"]
[WhiteElo "1127"]
[BlackElo "2455"]
[TimeControl "300"]
[EndTime "9:15:54 PDT"]
[Termination "Frankie_Badacsonyi won by resignation"]

1. e4 g6 2. Nf3 Bg7 3. c3 c6 4. Bd3 d5 5. e5 Bg4 6. O-O e6 7. Re1 Nd7 8. Be2 Bxf3 9. Bxf3 Nxe5 10. d4 Nxf3+ 11. Qxf3 Ne7 12. Qh3 O-O 13. Bh6 Nf5 14. Bxg7 Kxg7 15. Re5 Qh4 16. Qf3 Qf6 17. Nd2 Nd6 18.
Rae1 Qxf3 19. Nxf3 Rfc8 20. Rd1 c5 21. h3 cxd4 22.
Rxd4 Rc4 23. Rxc4 Nxc4 24. Nd4 Nxe5 0-1

[Event "Live Chess"]
[Site "Chess.com"]
[Date "2024.06.01"]
[Round "-"]
[White "DukeBG"]
[Black "raimundklein"]
[Result "0-1"]
[WhiteElo "479"]
[BlackElo "1642"]
[TimeControl "300"]
[EndTime "9:16:00 PDT"]
[Termination "raimundklein won on time"]

1. e4 c6 2. d4 d5 3. exd5 cxd5 4. Bf4 Nc6 5. Nf3 Bg4 6. h3 Bh5 7. g4 Bg6 8. h4 Be4 9. Ng5 Bxh1 10. Qd3 Nf6 11. Qh3 Be4 12. Nxe4 Nxe4 13. g5 e6 14. a4 Bd6 15. Be3 Qa5+ 16. c3 a6 17. Nd2 Nxd2 18.
Bxd2 b5 19. c4 Bb4 20. cxd5 Bxd2+ 21. Kd1 exd5 22. Qd3 O-O 0-1

[Event "Live Chess"]
[Site "Chess.com"]
[Date "2024.06.01"]
[Round "-"]
[White "gunslinger222"]
[Black "Tilbs_12"]
[Result "1-0"]
[WhiteElo "2271"]
[BlackElo "1662"]
[TimeControl "300"]
[EndTime "9:16:08 PDT"]
[Termination "gunslinger222 won by resignation"]

1. d4 d5 2. c4 e6 3. Nc3 Nf6 4. cxd5 exd5 5. Bg5 Be7 6. e3 Bf5 7. Qb3 b6 8. Bxf6 Bxf6 9. Qxd5 O-O 10. Qxa8 c6 11. Qxa7 Qd6 12. Nf3 1-0

[Event "Live Chess"]
[Site "Chess.com"]
[Date "2024.06.01"]
[Round "-"]
[White "Tushinskiy"]
[Black "Queensandpawns"]
[Result "1-0"]
[WhiteElo "2214"]
[BlackElo "2460"]
[TimeControl "300"]
[EndTime "9:16:15 PDT"]
[Termination "Tushinskiy won by resignation"]

1. d4 e5 2. c3 exd4 3. cxd4 d5 4.
Nc3 Nf6 5. Nf3 c6 6. Bf4 Be6 7. e3 Bd6 8. Bg3 O-O 9. Bd3 Na6 10. Bxa6 bxa6 11. O-O Bxg3 12. hxg3 Ne4 13. Nxe4 dxe4 14.
Ne5 Bd5 15. Rc1 f6 16. Nxc6 Qd6 17. Qa4 Rfc8 18. Nb4 Bc4 19. Rfe1 Bb5 20. Qb3+ Kh8 21. a3 a5 22. Na2 a6 23. Nc3 Bd3 24. Qd5 Qe7 25.
Qxa5 Rcb8 26. b4 Rc8 27. Nd5 Qf7 28. Nf4 g5 29. Nxd3 exd3 30. Rcd1 Qb3 31. Qf5 Rc3 32. Qxf6+ Kg8 33. Qxg5+ Kh8 34. d5 Rf8 35. d6 Qc2 36.
Rf1 Rc6 37. d7 Rcf6 38. d8=Q Rxf2 39. Qd4+ R8f6 40. Rxf2 Qxd1+ 41. Kh2 1-0

[Event "Live Chess"]
[Site "Chess.com"]
[Date "2024.06.01"]
[Round "-"]
[White "Colm_Buckley"]
[Black "Grieve72"]
[Result "0-1"]
[WhiteElo "1817"]
[BlackElo "2650"]
[TimeControl "300"]
[EndTime "9:16:18 PDT"]
[Termination "Grieve72 won by checkmate"]

1. d4 e6 2. c4 b6 3. Nc3 Bb7 4. Nf3 f5 5. Bg5 Be7 6. Bxe7 Qxe7 7. e3 Nf6 8. Bd3 O-O 9. Qc2 d6 10. h4 Nbd7 11. O-O-O e5 12. dxe5 Nxe5 13. Nxe5 dxe5 14. Bxf5 e4 15. Bh3 a6 16. Rd4 b5 17. cxb5 axb5 18. Kb1 c5 19. Rd2 b4 20. Ne2 Ba6 21. Nf4 Kh8 22.
Rhd1 c4 23. Rd4 b3 24. axb3 cxb3 25. Qxb3 Rfb8 26. Qe6 Qa7 27. Bf5 Bd3+ 28. Nxd3 exd3 29. R1xd3 Qa1+ 30. Kc2 Rxb2+ 31. Kc3 Qc1# 0-1

[Event "Live Chess"]
[Site "Chess.com"]
[Date "2024.06.01"]
[Round "-"]
[White "mrsmarple1968"]
[Black "TC2304"]
[Result "0-1"]
[WhiteElo "1811"]
[BlackElo "2333"]
[TimeControl "300"]
[EndTime "9:16:22 PDT"]
[Termination "TC2304 won by resignation"]

1. e4 Nc6 2. Nc3 d6 3. Nf3 Nf6 4. d4 g6 5. Be3 Bg7 6. Be2 e5 7. d5 Ne7 8. h3 c6 9. Qd2 cxd5 10.
exd5 Nf5 11. g4 Nxe3 12. fxe3 O-O 13. O-O-O Bd7 14. g5 Nh5 15. h4 b5 16. Rhg1 b4 17. Ne4 Bf5 18. Ng3 Nxg3 19. Rxg3 Rc8 20. Ne1 Qa5 21. Kb1 e4 22. Bg4 Bc3 23. Qe2 Bxg4 24.
Rxg4 Rc7 25. Rxe4 Rb8 26. Rc4 Rbc8 27. Rxc7 Rxc7 28. Qd3 Qc5 29. e4 Re7 30. Ng2 Be5 31.
Ne3 a5 32. Ng4 a4 33. Nh6+ Kg7 34. Qf3 f6 35. Ng4 f5 36. exf5 gxf5 37. Qf4 Bxf4 0-1

[Event "Live Chess"]
[Site "Chess.com"]
[Date "2024.06.01"]
[Round "-"]
[White "Delacorta"]
[Black "Andysav3"]
[Result "0-1"]
[WhiteElo "1400"]
[BlackElo "1828"]
[TimeControl "300"]
[EndTime "9:16:43 PDT"]
[Termination "Andysav3 won by resignation"]

1. d4 Nf6 2. Nf3 e6 3. e3 c5 4. Bd3 d5 5. b3 Be7 6. Bb2 O-O 7. Nbd2 Nc6 8. O-O a6 9. a3 b5 10. Ne5 Bb7 11. c4 bxc4 12. bxc4 Qc7 13. f4 a5 14. Rb1 Rab8 15. Bc3 Ba8 16. Rf3 Qa7 17. Rh3 cxd4 18. Nxc6 Bxc6 19. Bxd4 Bc5 20. Bxf6 Bxe3+ 21. Kh1 g6 22.
Nf3 Bxf4 23. Rh4 Qe3 24. Bd4 Rxb1 25. Qxb1 Qc1+ 26. Qxc1 Bxc1 27. Ne5 Be8 28. c5 f6 29. c6 fxe5 30. Bxe5 Bxc6 0-1